 Dungeon Crawl Stone Soup version 0.30.1-11-g7821555f0a (webtiles) character file.

Game seed: 2743162240259910406

57 groovy9 the Chopper (level 3, -6/33 HPs)
             Began as a Minotaur Berserker on Jan 13, 2024.
             Was a Believer of Trog.
             Mangled by a +1 spectral club (8 damage)
             ... created by Ijyb
             ... on level 3 of the Dungeon.
             The game lasted 00:04:44 (1564 turns).

groovy9 the Chopper (Minotaur Berserker)            Turns: 1564, Time: 00:04:45

Health: -6/33      AC:  4    Str: 23    XL:     3   Next: 73%
Magic:  2/2        EV: 12    Int:  9    God:    Trog [**....]
Gold:   712        SH:  0    Dex:  9    Spells: 2/2 levels left

rFire   . . .        a - +0 hand axe
rCold   . . .        (no shield)
rNeg    . . .        e - +0 leather armour "Oniq" {Will+ Int+5}
rPois   .            (helmet restricted)
rElec   .            (no cloak)
rCorr   .            (no gloves)
SInv    .            c - +0 pair of boots {rampage}
Will    +++..        (no amulet)
Stlth   +            (no ring)
HPRegen 1.25/turn    (no ring)
MPRegen 0.08/turn

%: rampage
@: mighty, strong-willed, regenerating
A: horns 2, retaliatory headbutt
a: Renounce Religion, Berserk, Trog's Hand


You were on level 3 of the Dungeon.
You worshipped Trog.
Trog was pleased with you.
You visited 1 branch of the dungeon, and saw 3 of its levels.

You collected 1132 gold pieces.
You spent 420 gold pieces at shops.

Inventory:

Hand Weapons
 a - a +0 hand axe (weapon)
Armour
 c - a +0 pair of boots of rampaging (worn)
 e - the +0 leather armour "Oniq" (worn) {Will+ Int+5}
   (You bought it in a shop on level 2 of the Dungeon)

   Int:       It affects your intelligence (+5).
   Will:      It increases your willpower.
Scrolls
 b - 2 scrolls of poison
 f - a scroll of teleportation
Potions
 d - a potion of curing {unknown}
 g - a potion of ambrosia {unknown}


   Skills:
 + Level 4.1 Fighting
 * Level 4.5 Axes
 + Level 3.1 Armour
 + Level 2.8 Dodging


You had 2 spell levels left.
You didn't know any spells.
Your spell library was empty.

Dungeon Overview and Level Annotations

Branches:
Dungeon (3/15)

Altars:

Shops:
D:2 [

Annotations:
D:3 Ijyb


Innate Abilities, Weirdness & Mutations

You have a pair of horns on your head.
You reflexively headbutt those who attack you in melee.


Message History

You are too injured to fight recklessly!
You are too injured to fight recklessly!
You are too injured to fight recklessly!
You are too injured to fight recklessly!
You are too injured to fight recklessly!
You are too injured to fight recklessly!
You are too injured to fight recklessly!
You are too injured to fight recklessly!
You are too injured to fight recklessly!
You are too injured to fight recklessly!
You are too injured to fight recklessly!
You are too injured to fight recklessly!
You are too injured to fight recklessly!
You completely miss Ijyb. Your headbutt misses Ijyb.
Ijyb is lightly wounded.
You slash the +1 spectral club!
Ijyb shares her spectral weapon's damage!
You hit the ball python.
You kill the ball python!
Trog accepts your kill. Ijyb hits you with a +1 spectral club.
The +1 spectral club hits you. Ijyb hits you with a +1 spectral club.
The +1 spectral club barely misses you. You furiously retaliate!
You headbutt the +1 spectral club!
Ijyb shares her spectral weapon's damage!
You closely miss Ijyb.
Ijyb is heavily wounded.
You hit the +1 spectral club.
The +1 spectral club disappears.
Ijyb hits you with a +1 spectral club. The +1 spectral club hits you!
* * * LOW HITPOINT WARNING * * *
A +1 spectral club comes into view.
Okay, then.
Your skin crawls.
You feel strong-willed. The +1 spectral club misses you.
You furiously retaliate!
You headbutt the +1 spectral club!
Ijyb shares her spectral weapon's damage!
Ijyb hits you with a +1 spectral club.
* * * LOW HITPOINT WARNING * * *
The +1 spectral club misses you. The +1 spectral club hits you!
You die...

....+
................
....#
##.#.##.####.....
....#
#.............
....#
##...###......
....#
#............
....#
#.#.####.....
....#
...#..........
....#
#####..........
....# #.#@.......
##### #.#g(####.#
#.#..# # #.#..# #
#.#... # #.##..#
#. .># ###


You could see a +1 spectral club and Ijyb.

Vanquished Creatures
  An adder (D:2)
  3 worms
  An endoplasm (D:1)
  5 goblins
  4 hobgoblins
  3 jackals (D:1)
  4 quokkas
  4 ball pythons
  3 bats
  A frilled lizard (D:2)
  6 kobolds
  2 rats
  A spectral weapon (D:3)
38 creatures vanquished.

Notes
Turn   | Place    | Note
-------+----------+-------------------------------------------
     0 | D:1      | groovy9 the Minotaur Berserker began the quest for the Orb.
     0 | D:1      | Reached XP level 1. HP: 19/19 MP: 0/0
   238 | D:1      | Reached XP level 2. HP: 27/27 MP: 1/1
   823 | D:2      | Reached XP level 3. HP: 31/33 MP: 2/2
   897 | D:2      | Found Rasmoleq's Antique Armour Shop.
   910 | D:2      | Reached ** piety under Trog
   950 | D:2      | Found a faded altar of an unknown god.
  1411 | D:2      | Identified a scroll of acquirement
  1411 | D:2      | Acquired 1045 gold pieces
  1462 | D:2      | Bought a pair of runed boots for 217 gold pieces
  1467 | D:2      | Bought a shimmering leather armour for 203 gold pieces
  1467 | D:2      | Identified the +0 leather armour "Oniq" {Will+ Int+5} (You
                  | bought it in a shop on level 2 of the Dungeon)
  1554 | D:3      | Noticed Ijyb
  1564 | D:3      | Mangled by a +1 spectral club

Illustrated notes

Levels and vault maps discovered:
D:1:      minmay_arrival_open_corners, layout_basic, serial_curves,
          eino_curves_01, eino_curves_01, minmay_fountain_box
D:2:      layout_basic, chequers_ecumenical_altar_grove, serial_shops, shop
D:3:      layout_basic, uniq_ijyb

Skill      XL: |  1  2  3 |
---------------+----------+-----
Axes           | 4 |  4.5
Fighting       | 4 |  4.1
Armour         | 3 |  3.1
Dodging        | |  2.8

Action                     || total
---------------------------++-------
  Melee: Hand axe          ||    91
         Headbutt          ||     8
 Invoke: Berserk           ||     1
         Trog's Hand       ||     1
    Use: Scroll            ||     5
         Potion            ||     1
   Stab: Distracted        ||     1
 Armour: Animal skin       ||     5
         Ring mail         ||    18
         Leather armour    ||     3
  Dodge: Dodged            ||    57
